 Dungeon Crawl Stone Soup version 0.15-a0-1363-g87d8b17 (webtiles) character file.

97 PolkaDot the Vexing (level 4, -8/30 HPs)
             Began as a Vampire Enchanter on June 9, 2014.
             Killed from afar by Sigmund (11 damage)
             ... with a wand of flame
             ... on Level 3 of the Dungeon.
             The game lasted 00:07:02 (1834 turns).

PolkaDot the Vexing (Vampire Enchanter)             Turns: 1834, Time: 00:07:02

HP  -8/30        AC  4     Str  9      XL: 4   Next: 42%
MP   3/8         EV 12     Int 22      God:
Gold 79          SH  0     Dex 15      Spells:  3 memorised,  1 level left

rFire  . . .     SeeInvis +     a - +1,+2 dagger
rCold  + . .     Clarity  .     b - +2 robe
rNeg   + + .     rCorr    .     (no shield)
rPois  +         rRot     +     (no helmet)
rElec  .         Spirit   .     (no cloak)
SustAb +         Warding  .     (no gloves)
rMut   .         Stasis   .     (no boots)
Gourm  .                        (no amulet)
MR     .....                    n - ring of sustain abilities
                                e - +2 ring of strength

@: confused, brilliant, very slightly contaminated, regenerating slowly, hasted,
very quick, not resistant to hostile enchantments, very unstealthy
A: fangs 3, see invisible, unbreathing
a: Bat Form


You were on level 3 of the Dungeon.
You were thirsty.

You visited 1 branch of the dungeon, and saw 3 of its levels.

You collected 79 gold pieces.

Inventory:

Hand weapons
 a - a +1,+2 dagger (weapon)
Armour
 b - a +2 robe (worn)
Scrolls
 f - a scroll of enchant armour
 h - a scroll of identify {unknown}
 i - a scroll of fear {unknown}
 k - a scroll of immolation {unknown}
 l - a scroll of teleportation {unknown}
 q - 2 scrolls of enchant weapon II
Jewellery
 e - a +2 ring of strength (left hand)
 n - a ring of sustain abilities (right hand)
Books
 c - a book of Maledictions

   Spells                             Type                      Level
   *Corona                            Hexes                        1
   Sure Blade                         Hexes/Charms                 2
   *Ensorcelled Hibernation           Hexes/Ice                    2
   *Confuse                           Hexes                        3
   Dazzling Spray                     Conjuration/Hexes            3
   Enslavement                        Hexes                        4


   Skills:
 - Level 2.5 Short Blades
 - Level 2.1 Dodging
 + Level 5.3 Stealth
 * Level 2.4 Spellcasting
 + Level 5.5 Hexes
 - Level 1.1 Ice Magic


You had one spell level left.
You knew the following spells:

 Your Spells              Type           Power        Failure   Level  Hunger
a - Corona                Hex            #####..      1%          1    None
c - Confuse               Hex            #####...     1%          3    ###....
d - Ensorcelled Hibernat  Hex/Ice        ####..       1%          2    ##.....


Dungeon Overview and Level Annotations

Branches:
Dungeon (3/15)

Altars:
Qazlal
The Shining One

Annotations:
D:3 Sigmund


Innate Abilities, Weirdness & Mutations

You heal slowly.
You have razor-sharp teeth.*
You have supernaturally acute eyesight.
You can survive without breathing.*


Message History

Drink which item? (? for menu, Esc to quit)
You feel yourself speed up.
It was a potion of haste.
Sigmund zaps a wand.
The puff of flame hits you!
* * * LOW HITPOINT WARNING * * *
You are very lightly contaminated with residual magic.
Sigmund zaps a wand.
The puff of flame hits you!
* * * LOW HITPOINT WARNING * * *
Drink which item? (? for menu, Esc to quit)
You are confused.
It was a potion of confusion.
Drink which item? (? for menu, Esc to quit)
You feel clever all of a sudden.
It was a potion of brilliance.
You're too confused!
You start resting.
Drink which item? (? for menu, Esc to quit)
Yummy - fresh blood!
You are feeling thirsty.
Sigmund zaps a wand.
The puff of flame hits you!
You die...

#.)...#.#..## #.# .
#....##...... ... ..
#.....#....# #.# .###
#..#..#..#.# #.##.....
......%..#..######os.......
..............@.)@oo.......
.........##....#########.##
..................#
................@.#
...<..#...........#
......#.###....####
......#..###.####
....%......#....##
.................###....
........................
.....#............##....
#...##............#


You could see Sigmund (invisible).

Vanquished Creatures
  5 adders
  A worm (D:3)
  3 oozes
  2 orcs (D:3)
  A giant cockroach (D:3)
  6 goblins
  7 hobgoblins
  10 bats
  A giant gecko (D:1)
  2 giant newts (D:1)
  2 kobolds (D:2)
  8 rats
48 creatures vanquished.

Notes
Turn   | Place    | Note
--------------------------------------------------------------
     0 | D:1      | PolkaDot, the Vampire Enchanter, began the quest for the Orb.
     0 | D:1      | Reached XP level 1. HP: 13/13 MP: 3/3
   299 | D:1      | Reached XP level 2. HP: 16/19 MP: 2/4
   323 | D:1      | Learned a level 2 spell: Ensorcelled Hibernation
   878 | D:2      | Reached XP level 3. HP: 24/24 MP: 6/6
   981 | D:2      | Reached skill level 5 in Hexes
  1036 | D:2      | Reached skill level 1 in Ice Magic
  1044 | D:2      | Found a stormy altar of Qazlal.
  1242 | D:2      | Found a glowing golden altar of the Shining One.
  1266 | D:3      | Learned a level 3 spell: Confuse
  1340 | D:3      | Reached skill level 5 in Stealth
  1486 | D:3      | Reached XP level 4. HP: 30/30 MP: 4/7
  1798 | D:3      | Noticed Sigmund
  1834 | D:3      | Killed from afar by Sigmund

Action                   |  1- 3 |  4- 6 || total
-------------------------+-------+-------++-------
Melee: Dagger            |    92 |    18 ||   110
 Cast: Corona            |     4 |       ||     4
       Ensorcelled Hiber |     8 |    13 ||    21
       Confuse           |       |     5 ||     5
  Use: Potion            |       |     9 ||     9
       Scroll            |       |     2 ||     2
 Stab: Sleeping          |    20 |     8 ||    28
